 Dungeon Crawl Stone Soup version 0.31-a0-167-g1c394c0614 (webtiles) character file.

Game seed: 12954284344199309139

215 qw the Chopper (level 5, -1/33 HPs)
             Began as a Gargoyle Fighter on June 14, 2023.
             Slain by Blork the orc
             ... wielding a +0 halberd
              (11 damage)
             ... on level 4 of the Dungeon.
             The game lasted 00:01:40 (3015 turns).

qw the Chopper (Gargoyle Fighter)                   Turns: 3015, Time: 00:01:41

Health: -1/33      AC: 17    Str: 22    XL:     5   Next: 92%
Magic:  5/5        EV:  9    Int:  8    God:
Gold:   127        SH:  4    Dex:  9    Spells: 4/4 levels left

rFire   . . .        Y - +0 war axe
rCold   . . .        c - +0 buckler
rNeg    + . .        b - +0 scale mail
rPois   inf          f - +2 helmet
rElec   +            j - +2 cloak
rCorr   .            (no gloves)
SInv    +            (no boots)
Will    .....        (no amulet) Stlth
                     i - ring of see invisible
HPRegen 0.25/turn    (no ring)
MPRegen 0.09/turn

%: no passive effects
@: no status effects
A: sickness immunity, AC +4, negative energy resistance 1, electricity
resistance, torment resistance 1, petrification resistance
a: no special abilities


You were on level 4 of the Dungeon.
You visited 1 branch of the dungeon, and saw 4 of its levels.

You collected 127 gold pieces.


Innate Abilities, Weirdness & Mutations

You are immune to sickness and miasma.
Your stone body is resilient. (AC +4)
You are immune to poison.
You resist negative energy. (rN+)
You are resistant to electric shocks. (rElec)
You are resistant to unholy torment.
You are immune to petrification.


   Skills:
 - Level 4.0 Fighting
 - Level 5.0 Axes
 - Level 3.2 Armour
 + Level 0.6 Dodging
 - Level 3.2 Shields


You had 4 spell levels left.
You didn't know any spells.
Your spell library was empty.

Inventory:

Hand Weapons
 e - a +0 mace
 Y - a +0 war axe (weapon)
Armour
 b - a +0 scale mail (worn)
 c - a +0 buckler (worn)
 f - a +2 helmet (worn)
 j - a +2 cloak (worn)
Jewellery
 i - a ring of see invisible (left hand)
 n - a ring of ice
 o - an amulet of faith
Scrolls
 a - a scroll of identify
Potions
 d - a potion of might
 g - a potion of cancellation
 h - a potion of heal wounds {unknown}
 k - a potion of ambrosia {unknown}
 l - a potion of invisibility {unknown}
 m - 4 potions of curing

Dungeon Overview and Level Annotations

Branches:
Dungeon (4/15)
 Temple: D:4-7

Altars:
Makhleb
Okawaru
The Shining One

Annotations:
D:2 1 runed translucent door, Crazy Yiuf
D:4 Blork the orc


Message History

You hit the goblin but do no damage.
Blork the orc hits you but does no damage.
The goblin closely misses you. You block Blork the orc's attack.
You block the goblin's attack.
You slash the goblin!
You kill the goblin!
Blork the orc closely misses you. Blork the orc casts a spell at you.
The puff of flame hits you.
Enter note:
Enter note: You hit Blork the orc.
Blork the orc is lightly wounded.
Blork the orc closely misses you.
You barely miss Blork the orc.
Blork the orc is lightly wounded.
Blork the orc hits you but does no damage.
Blork the orc points at you and mumbles some strange words.
The puff of frost hits you but does no damage.
You hit Blork the orc but do no damage.
Blork the orc is lightly wounded.
Blork the orc hits you with a +0 halberd.
You hit Blork the orc.
Blork the orc is moderately wounded.
Blork the orc hits you with a +0 halberd!
You barely miss Blork the orc.
Blork the orc is moderately wounded.
Blork the orc casts a spell at you.
The puff of frost hits you but does no damage.
You closely miss Blork the orc.
Blork the orc is moderately wounded.
Blork the orc hits you but does no damage.
Blork the orc barely misses you.
You closely miss Blork the orc.
Blork the orc is moderately wounded.
Blork the orc hits you with a +0 halberd.
You barely miss Blork the orc.
Blork the orc is moderately wounded.
Blork the orc hits you with a +0 halberd!
You die...

#.....# #.....#
#.....##########
#########>....'.).......
........#.....###.######
........#.##### #.#
........#.# #.##
.......)#.# #..#
......o@'.# #####.##
........#...##......####
#####....#####........##
####.# #.....##..# #.#
####......# #.#
##.###.)# #.# #....#..#
#.. #.#..#..# #....#...


You could see Blork the orc.

Vanquished Creatures
  Ijyb (D:3)
  Natasha (twice) (D:2)
  Robin (D:2)
  4 adders
  2 worms (D:3)
  4 dart slugs
  An orc (D:4)
  6 bats
  6 endoplasms
  3 giant cockroaches
  15 goblins
  6 hobgoblins
  3 jackals (D:3)
  3 quokkas
  9 ball pythons
  2 frilled lizards
  7 kobolds
  4 rats
79 creatures vanquished.

Notes
Turn   | Place    | Note
-------+----------+-------------------------------------------
     0 | D:1      | qw the Gargoyle Fighter began the quest for the Orb.
     0 | D:1      | Reached XP level 1. HP: 14/14 MP: 1/1
     0 | D:1      | 0 ||| qw: Version: 0.2-a-29-g1fa15c8
     0 | D:1      | 0 ||| qw: Game counter: 5017
     0 | D:1      | 0 ||| qw: Always use a shield: true
     0 | D:1      | 0 ||| qw: God list: Okawaru
     0 | D:1      | 0 ||| qw: Allow faded altars: false
     0 | D:1      | 0 ||| qw: Do Orc after D:15 true
     0 | D:1      | 0 ||| qw: Do second Lair branch before Depths: true
     0 | D:1      | 0 ||| qw: Lair rune preference: random
     0 | D:1      | 0 ||| qw: Plans: Normal, Zot:1-4, Slime:5, God:TSO, Crypt,
                  | Tomb, Abyss, Pan, Hells, Win
     0 | D:1      | 0 ||| PLANNING D:1-11
   108 | D:1      | Reached skill level 2 in Axes
   233 | D:1      | Reached XP level 2. HP: 19/19 MP: 2/2
   345 | D:1      | Found a faded altar of an unknown god.
   445 | D:1      | Reached skill level 3 in Axes
   668 | D:1      | 668 ||| UPGRADING to +0 cloak.
   673 | D:1      | 673 ||| UPGRADING to ring of see invisible.
   674 | D:1      | 674 ||| READING 2 scrolls labelled ECUJEE VANO.
   675 | D:1      | 675 ||| READING scroll labelled UFYTHR XI VEO.
   676 | D:1      | 676 ||| READING scroll labelled MOKLIOMAME.
   677 | D:1      | 677 ||| READING 2 scrolls labelled OJIOLE QEZENLY.
   678 | D:1      | 678 ||| READING scroll of enchant armour.
   678 | D:1      | 678 ||| ENCHANTING +0 cloak.
   679 | D:1      | 679 ||| READING scroll labelled QEBRONKUNY.
   680 | D:1      | 680 ||| READING scroll labelled VIXUHO KURAISK.
   718 | D:2      | Reached XP level 3. HP: 23/23 MP: 3/3
   781 | D:2      | 781 ||| Stepping ~*~*~tactically~*~*~ (stealth).
   783 | D:2      | Noticed Robin
   796 | D:2      | Killed Robin
   801 | D:2      | Reached XP level 4. HP: 15/28 MP: 4/4
  1108 | D:2      | Noticed Natasha
  1121 | D:2      | Killed Natasha
  1122 | D:2      | Reached skill level 4 in Axes
  1151 | D:2      | 1151 ||| Stepping ~*~*~tactically~*~*~ (hiding).
  1152 | D:2      | 1152 ||| Stepping ~*~*~tactically~*~*~ (hiding).
  1153 | D:2      | 1153 ||| Stepping ~*~*~tactically~*~*~ (hiding).
  1256 | D:2      | Noticed Natasha
  1257 | D:2      | 1257 ||| Stepping ~*~*~tactically~*~*~ (hiding).
  1262 | D:2      | Killed Natasha
  1308 | D:2      | Reached XP level 5. HP: 32/32 MP: 5/5
  1327 | D:2      | Found a runed translucent door.
  1328 | D:2      | Noticed Crazy Yiuf
  1570 | D:2      | 1570 ||| UPGRADING to +0 helmet.
  1575 | D:2      | 1575 ||| READING scroll labelled CYK SIJIASUEREGECU.
  1576 | D:2      | 1576 ||| DRINKING 2 puce potions.
  1577 | D:2      | 1577 ||| DRINKING 3 blue potions.
  1598 | D:3      | 1598 ||| Stepping ~*~*~tactically~*~*~ (hiding).
  1638 | D:3      | Found an iron altar of Okawaru.
  1638 | D:3      | Found a glowing golden altar of the Shining One.
  1639 | D:3      | Found a burning altar of Makhleb.
  1754 | D:3      | Noticed Ijyb
  1756 | D:3      | 1756 ||| FLEEEEING.
  1757 | D:3      | 1757 ||| FLEEEEING.
  1758 | D:3      | 1758 ||| FLEEEEING.
  1759 | D:3      | 1759 ||| FLEEEEING.
  1760 | D:3      | 1760 ||| FLEEEEING.
  1761 | D:3      | 1761 ||| FLEEEEING.
  1762 | D:3      | 1762 ||| FLEEEEING.
  1762 | D:3      | HP: 2/32 [disintegration (12)]
  1763 | D:3      | 1763 ||| FLEEEEING.
  1764 | D:3      | 1764 ||| FLEEEEING.
  1765 | D:3      | 1765 ||| FLEEEEING.
  1770 | D:3      | 1770 ||| FLEEEEING.
  1771 | D:3      | 1771 ||| FLEEEEING.
  1776 | D:3      | 1776 ||| STAIRDANCE
  1928 | D:3      | HP: 4/32 [disintegration (9)]
  1931 | D:3      | Killed Ijyb
  2086 | D:3      | Reached skill level 5 in Axes
  2146 | D:3      | 2146 ||| READING 3 scrolls of enchant armour.
  2146 | D:3      | 2146 ||| ENCHANTING +0 helmet.
  2147 | D:3      | 2147 ||| READING 2 scrolls of enchant armour.
  2147 | D:3      | 2147 ||| ENCHANTING +1 helmet.
  2148 | D:3      | 2148 ||| READING scroll of enchant armour.
  2148 | D:3      | 2148 ||| ENCHANTING +1 cloak.
  2204 | D:3      | 2204 ||| Stepping ~*~*~tactically~*~*~ (hiding).
  2275 | D:3      | 2275 ||| Stepping ~*~*~tactically~*~*~ (hiding).
  2276 | D:3      | 2276 ||| Stepping ~*~*~tactically~*~*~ (hiding).
  2284 | D:3      | 2284 ||| Stepping ~*~*~tactically~*~*~ (stealth).
  2289 | D:3      | 2289 ||| Stepping ~*~*~tactically~*~*~ (stealth).
  2300 | D:3      | 2300 ||| DROPPING +0 club.
  2534 | D:3      | 2534 ||| Stepping ~*~*~tactically~*~*~ (stealth).
  2535 | D:3      | 2535 ||| Stepping ~*~*~tactically~*~*~ (stealth).
  2841 | D:4      | 2841 ||| Stepping ~*~*~tactically~*~*~ (stealth).
  2844 | D:4      | 2844 ||| Stepping ~*~*~tactically~*~*~ (hiding).
  2846 | D:4      | 2846 ||| Stepping ~*~*~tactically~*~*~ (hiding).
  2870 | D:4      | 2870 ||| DROPPING +0 whip.
  2924 | D:4      | 2924 ||| STAIRDANCE
  2999 | D:4      | Noticed Blork the orc
  3000 | D:4      | 3000 ||| Stepping ~*~*~tactically~*~*~ (hiding).
  3015 | D:4      | Slain by Blork the orc

Levels and vault maps discovered:
D:1:      dpeg_arrival_concentric_ovals, layout_loops_ring,
          basic_ecumenical_altar, serial_park_tiny_1, minmay_domino_2
D:2:      layout_basic, uniq_crazy_yiuf_cottage, uniq_natasha, uniq_robin
D:3:      minmay_skewed_foursquare, layout_basic,
          nicolae_overflow_hidden_temple, serial_bayou_lagoon_a, uniq_ijyb
D:4:      layout_basic, uniq_blork_the_orc

Skill      XL: |  1  2  3  4  5 |
---------------+----------------+-----
Axes           | 2 3 4 5 |  5.0
Fighting       | 4 |  4.0
Armour         | |  3.2
Dodging        | |  0.6
Shields        | |  3.2

Action                     |  1- 3 |  4- 6 || total
---------------------------+-------+-------++-------
  Melee: War axe           |    89 |   157 ||   246
    Use: Scroll            |     7 |     4 ||    11
         Potion            |       |     2 ||     2
 Armour: Scale mail        |    49 |    84 ||   133
  Dodge: Dodged            |    63 |    49 ||   112
  Block: Buckler           |    10 |    30 ||    40

Table legend:
 A = Non-vault XP
 B = Vault XP
 C = Vault XP percentage of total XP
 D = Non-vault monster count
 E = Vault monster count
 F = Vault count percentage of total count
                 A         B        C        D         E       F
            +---------+---------+-------+---------+---------+-------
      Total |     183 |     125 |  40.6 |      61 |      18 |  22.8
            +---------+---------+-------+---------+---------+-------
        D:1 |      25 |       6 |  19.4 |      15 |       2 |  11.8
        D:2 |      66 |      68 |  50.7 |      15 |      12 |  44.4
        D:3 |      40 |      51 |  56.0 |      18 |       4 |  18.2
        D:4 |      52 |       0 |   0.0 |      13 |       0 |   0.0
            +---------+---------+-------+---------+---------+-------
